 Dungeon Crawl Stone Soup version 0.20-a0-1124-g2e29d97 (webtiles) character file.

574 mopl the Stinger (level 7, -4/55 HPs)
             Began as a Naga Venom Mage on May 16, 2017.
             Slain by an elf zombie (6 damage)
             ... in an ossuary.
             The game lasted 00:08:59 (3429 turns).

mopl the Stinger (Naga Venom Mage)                  Turns: 3429, Time: 00:09:01

Health: -4/55      AC: 10    Str: 10    XL:     7   Next: 34%
Magic:  12/12      EV: 15    Int: 17    God:
Gold:   156        SH:  0    Dex: 17    Spells: 3/13 levels left

rFire    . . .     SeeInvis +   t - +2 mace (protect)
rCold    . . .     Gourm    .   (no shield)
rNeg     . . .     Faith    .   a - +0 robe
rPois    +         Spirit   .   (no helmet)
rElec    .         Reflect  .   (no cloak)
rCorr    .         Harm     .   (no gloves)
MR       .....                  (no barding)
Stlth    +++.......             (no amulet)
Regen    0.2/turn               (no ring)
MPRegen  0.2/turn               (no ring)

@: agile, protection aura, very slow
A: see invisible, deformed body, poison resistance, slowness 2, slow metabolism
1, spit poison 1, AC +2
a: Spit Poison


You were in an ossuary.
You were not hungry.

You visited 1 branch of the dungeon, and saw 5 of its levels.
You also visited: Ossuary.

You collected 156 gold pieces.

Inventory:

Hand Weapons
 b - a +0 blowgun
 e - a +2 spear of venom
 t - a +2 mace of protection (weapon)
 v - a +1 short sword of draining
 E - a +2 whip of freezing
Missiles
 o - 16 poisoned needles
 C - 4 tomahawks (quivered)
Armour
 a - a +0 robe (worn)
Scrolls
 f - 2 scrolls of magic mapping {unknown}
 g - 2 scrolls of teleportation {unknown}
 h - a scroll of fog {unknown}
 j - a scroll of identify
 l - a scroll of random uselessness {unknown}
 m - 3 scrolls of remove curse
 r - a scroll of immolation {unknown}
 s - a scroll of amnesia {unknown}
 w - 2 scrolls of recharging
Potions
 d - a potion of might
 i - 3 potions of brilliance
 k - a potion of ambrosia
 q - a potion of curing
 z - a potion of lignification {unknown}
 D - a potion of mutation {unknown}
Books
 u - a book of Geomancy

   Spells                             Type                      Level
   a - Sandblast                      Earth                        1
   b - Passwall                       Transmutation/Earth          2
   c - Stone Arrow                    Conjuration/Earth            3
   d - Petrify                        Transmutation/Earth          4
   e - Lee's Rapid Deconstruction     Earth                        5
 A - a Young Poisoner's Handbook

   Spells                             Type                      Level
   a - Sting                          Conjuration/Poison           1
   b - Poisonous Vapours              Poison/Air                   2
   c - Mephitic Cloud                 Conjuration/Poison/Air       3
   d - Olgreb's Toxic Radiance        Poison                       4
   e - Venom Bolt                     Conjuration/Poison           5
Comestibles
 c - 3 bread rations
 x - a royal jelly
 B - 2 chunks of flesh


   Skills:
 - Level 1.5 Dodging
 - Level 3.0 Stealth
 + Level 3.6 Spellcasting
 * Level 4.3 Conjurations
 + Level 2.3 Air Magic
 * Level 7.1 Poison Magic


You had 3 spell levels left.
You knew the following spells:

 Your Spells              Type           Power        Failure   Level  Hunger
a - Sting                 Conj/Pois      ###.         1%          1    None
b - Poisonous Vapours     Pois/Air       ###...       3%          2    ##.....
d - Mephitic Cloud        Conj/Pois/Air  ###.....     8%          3    ###....
o - Olgreb's Toxic Radia  Pois           ####....     9%          4    ####...


Dungeon Overview and Level Annotations

Branches:
Dungeon (5/15)
 Temple: D:4-7

Altars:
Dithmenos
Elyvilon
Kikubaaqudgha
Zin
The Shining One

Annotations:
D:4 mopl's ghost, amateur NaVM


Innate Abilities, Weirdness & Mutations

You cannot wear boots.
Your serpentine skin is tough. (AC +2)
You have supernaturally acute eyesight. (SInv)
Armour fits poorly on your strangely shaped body.
Your system is resistant to poisons. (rPois)
You cover ground very slowly.
You have a slow metabolism.
You can spit poison.


Message History

The goblin zombie closely misses you. The elf zombie closely misses you.
Unknown command.
You hit the elf zombie.
Your weapon exudes an aura of protection.
The elf zombie is severely damaged.
The human zombie hits you but does no damage.
The elf zombie barely misses you. The goblin zombie barely misses you.
The orc zombie barely misses you. The human zombie hits you.
* * * LOW HITPOINT WARNING * * *
You thump the elf zombie!
The elf zombie is severely damaged.
You feel a little less mighty now. The elf zombie misses you.
The goblin zombie closely misses you. The orc zombie closely misses you.
The human zombie hits you but does no damage.
Unknown command.
You barely miss the elf zombie.
The elf zombie is severely damaged.
The elf zombie hits you.
You die...

......#####....
................
................
#...............
#...............
................
................
.......@Z.....(.
......ZZZ.......
................
................
................
................
#...............
#...............
...............


You could see a goblin zombie, an orc zombie, an elf zombie and a human zombie.

Vanquished Creatures
  An ogre (D:4)
  A bullfrog (D:3)
  A centaur zombie (D:5)
  A human zombie (Ossuary)
  Terence (D:2)
  Natasha (thrice) (D:3)
  2 orc wizards (D:4)
  A worker ant (D:5)
  9 adders
  An ooze (D:3)
  An adder zombie (Ossuary)
  4 worms
  3 dart slugs
  2 leopard geckos (D:1)
  17 orcs
  3 giant cockroaches
  A gnoll zombie (Ossuary)
  5 hobgoblins
  2 jackals (D:3)
  4 kobolds (D:3)
  4 bats
  5 frilled lizards
  7 goblins
  2 jackal zombies
  A kobold zombie (Ossuary)
  2 orc zombies (Ossuary)
  5 rats
  A rat zombie (Ossuary)
90 creatures vanquished.

Notes
Turn   | Place    | Note
-------+----------+-------------------------------------------
     0 | D:1      | mopl the Naga Venom Mage began the quest for the Orb.
     0 | D:1      | Reached XP level 1. HP: 15/15 MP: 3/3
   286 | D:1      | Reached XP level 2. HP: 22/22 MP: 3/5
   290 | D:1      | Learned a level 2 spell: Poisonous Vapours
   725 | D:2      | Noticed Terence
   739 | D:2      | Killed Terence
   739 | D:2      | Reached skill level 2 in Conjurations
   739 | D:2      | Reached XP level 3. HP: 22/28 MP: 2/6
   789 | D:2      | Reached XP level 4. HP: 35/36 MP: 2/7
   802 | D:2      | Learned a level 3 spell: Mephitic Cloud
  1021 | D:2      | Reached skill level 5 in Poison Magic
  1159 | D:2      | Found a glowing golden altar of the Shining One.
  1164 | D:2      | Found a white marble altar of Elyvilon.
  1165 | D:2      | Found a glowing silver altar of Zin.
  1280 | D:2      | You fall through a shaft for 2 floors!
  1301 | D:4      | Reached skill level 1 in Air Magic
  1406 | D:4      | Noticed an ogre
  1414 | D:4      | Killed an ogre
  1414 | D:4      | Reached skill level 3 in Spellcasting
  1414 | D:4      | Reached skill level 3 in Conjurations
  1414 | D:4      | Reached XP level 5. HP: 16/42 MP: 1/9
  1490 | D:4      | Learned a level 4 spell: Olgreb's Toxic Radiance
  1604 | D:3      | Noticed Natasha
  1610 | D:3      | Killed Natasha
  1610 | D:3      | Reached XP level 6. HP: 43/49 MP: 3/10
  1618 | D:3      | Found an ancient bone altar of Kikubaaqudgha.
  1808 | D:3      | Reached skill level 6 in Poison Magic
  2172 | D:3      | Noticed Natasha
  2172 | D:3      | Reached skill level 2 in Air Magic
  2182 | D:3      | Killed Natasha
  2369 | D:3      | Found a shadowy altar of Dithmenos.
  2517 | D:3      | Noticed Natasha
  2520 | D:3      | Killed Natasha
  2520 | D:3      | Reached skill level 4 in Conjurations
  2762 | D:4      | Noticed mopl's ghost (amateur NaVM)
  3062 | D:4      | Reached XP level 7. HP: 44/55 MP: 7/11
  3282 | D:5      | Entered Level 5 of the Dungeon
  3379 | D:5      | Found a sand-covered staircase.
  3384 | Ossuary  | Entered an ossuary
  3408 | Ossuary  | Reached skill level 7 in Poison Magic
  3427 | Ossuary  | HP: 1/55 [human zombie (2)]
  3429 | Ossuary  | Slain by an elf zombie

Vault maps used:
D:1:      doesnt_arrival_eight_statues, minmay_pentomino_p2
D:2:      good_gods_temple_1, serial_bayou_pond_a, kennysheep_boxes,
          uniq_terence
D:3:      nicolae_overflow_hidden_temple,
          nicolae_dithmenos_through_a_glass_darkly, uniq_natasha
D:4:      first_bread
D:5:      lemuel_doored_altar, nicolae_ossuary_entry_false_entrances,
          serial_shops, shop, fedhas_altar_4
Ossuary:  ossuary_minmay_tomb_2a

Skill      XL: |  1  2  3  4  5  6  7 |
---------------+----------------------+-----
Conjurations   | 2 3 4 |  4.3
Poison Magic   | 5 6 7 |  7.1
Air Magic      | 1 2 |  2.3
Spellcasting   | 3 |  3.6
Dodging        | |  1.5
Stealth        | |  3.0

Action                   |  1- 3 |  4- 6 |  7- 9 || total
-------------------------+-------+-------+-------++-------
Melee: Spear             |    40 |   134 |    38 ||   212
       Mace              |       |       |    33 ||    33
       Whip              |       |       |    13 ||    13
Throw: Throwing net      |       |       |     1 ||     1
 Cast: Sting             |     5 |       |     2 ||     7
       Poisonous Vapours |     7 |    23 |     1 ||    31
       Olgreb's Toxic Ra |       |     2 |     1 ||     3
  Use: Scroll            |       |     1 |     3 ||     4
       Potion            |       |       |     8 ||     8
 Stab: Sleeping          |       |     7 |       ||     7
       Distracted        |       |     1 |       ||     1
  Eat: Chunk             |       |     7 |     2 ||     9
Armor: Robe              |     4 |    20 |    91 ||   115
Dodge: Dodged            |    12 |    50 |   120 ||   182
